AoeStats
← Ux'RaúlME

Arena

506517328Analyzed
1v1 RM · 19d ago on Sep 13, 2026· 37m 41s· 2 players
Game mode
Random Map
Map size
Tiny (2 player)
Population
200
Speed
Normal
Resources
Standard
Victory
Conquest
Starting age
Dark Age
Ending age
Imperial Age
RankedLock teamsTeams togetherTeam positionsShared explorationLock speedFull tech treeHidden civsTurbo modeCheats
Victory
Defeat
🇲🇽 Bohemians · Mexico
1458
+13
🇬🇧 Sicilians · United Kingdom
1394
-13
Enderman
7:00 Loom
9:34 Feudal Age
12:05 Horse Collar
12:12 Double-Bit Axe
16:34 Fletching
17:20 Stone Mining
17:20 Gold Mining
21:35 Castle Age
20:50 Scale Mail Armor
21:26 Forging
23:13 Wheelbarrow
22:31 Town Watch
23:38 Bodkin Arrow
24:37 Hand Cart
24:53 Heavy Plow
25:04 Bow Saw
25:14 Scale Barding Armor
27:06 Gold Shaft Mining
28:22 Iron Casting
29:44 Chain Barding Armor
33:33 Imperial Age
31:54 Husbandry
32:06 Bloodlines
33:36 Husbandry
33:50 Cavalier
35:24 Padded Archer Armor
36:27 Plate Barding Armor
37:43 First Crusade
Ux'RaúlME
9:50 Feudal Age
9:17 Loom
13:44 Castle Age
11:41 Double-Bit Axe
17:22 Fervor
19:15 Sanctity
20:43 Horse Collar
22:00 Heavy Plow
22:14 Bow Saw
26:07 Wheelbarrow
25:21 Town Watch
28:56 Imperial Age
28:27 Hand Cart
28:18 Fletching
28:29 Padded Archer Armor
29:32 Chemistry
28:52 Ballistics
29:00 Bodkin Arrow
30:20 Bracer
30:58 Block Printing
31:51 Redemption
34:05 Conscription
35:58 Wagenburg Tactics
37:07 Atonement
38:06 Illumination
37:43 Devotion
37:25 Houfnice
Connection lost

Rejoining the realm…

Still unreachable

The connection could not be restored.

Session expired

The server has moved on; the page needs a fresh start.